 Dungeon Crawl Stone Soup version 0.30.0-18-gc0e69614cb (webtiles) character file.

Game seed: 17537858001417147820

64 olmar the Sneak (level 4, 0/27 HPs)
             Began as a Kobold Brigand on May 23, 2023.
             Frozen to death by an endoplasm (2 damage)
             ... on level 2 of the Dungeon.
             The game lasted 00:01:29 (1041 turns).

olmar the Sneak (Kobold Brigand)                    Turns: 1041, Time: 00:01:29

Health: 0/27       AC:  3    Str:  8    XL:     4   Next: 32%
Magic:  4/4        EV: 14    Int: 12    God:
Gold:   100        SH:  0    Dex: 18    Spells: 3/3 levels left

rFire   . . .        a - +2 dagger
rCold   . . .        (no shield)
rNeg    . . .        b - +0 robe
rPois   .            (no helmet)
rElec   .            c - +0 cloak
rCorr   .            (no gloves)
SInv    .            (no boots)
Will    .....        (no amulet)
Stlth   +++++        (no ring)
HPRegen 0.24/turn    (no ring)
MPRegen 0.09/turn

%: no passive effects
@: hasted, very quick
A: small, no large weapons, nightstalker 3
a: no special abilities


You were on level 2 of the Dungeon.
You visited 1 branch of the dungeon, and saw 2 of its levels.

You collected 100 gold pieces.

Inventory:

Hand Weapons
 a - a +2 dagger (weapon)
Missiles
 d - 8 poisoned darts (quivered)
 e - 3 curare-tipped darts
Armour
 b - a +0 robe (worn)
 c - a +0 cloak (worn)
Jewellery
 n - a +5 ring of evasion
Scrolls
 f - 3 scrolls of identify {unknown}
 g - 2 scrolls of brand weapon {unknown}
 j - a scroll of fear {unknown}
 l - a scroll of noise {unknown}
 m - a scroll of amnesia {unknown}
 p - a scroll of vulnerability {unknown}
 q - a scroll of butterflies {unknown}
Potions
 h - a potion of mutation {unknown}
 i - a potion of haste
 k - a potion of might {unknown}


   Skills:
 + Level 2.4 Fighting
 + Level 3.1 Short Blades
 + Level 2.3 Throwing
 + Level 1.2 Dodging
 + Level 7.2 Stealth


You had 3 spell levels left.
You didn't know any spells.
Your spell library was empty.

Dungeon Overview and Level Annotations

Branches:
Dungeon (2/15)

Altars:

Shops:
D:1 =

Annotations:
D:2 Natasha


Innate Abilities, Weirdness & Mutations

You are small and have problems with some larger weapons.
You are completely attuned to the shadows.


Message History

You hit Natasha but do no damage.
Natasha is moderately wounded.
Natasha completely misses you.
Unknown command.
There are monsters nearby!
You hit Natasha.
Natasha is heavily wounded.
The endoplasm barely misses you.
Natasha zaps a wand.
The puff of flame misses you.
Throw: 9 darts (poison)
Press: ? - help, Q - select action, (/) - cycle Shift-Dir - straight line, f - endoplasm
Aim: an endoplasm (87% to hit)
You throw a poisoned dart. The poisoned dart hits the endoplasm.
The endoplasm hits you. Natasha barely misses you.
Unknown command.
Unknown command.
Throw: 2 throwing nets
Press: ? - help, Q - select action, (/) - cycle Shift-Dir - straight line, f - Natasha, p - endoplasm
Aim: Natasha, carrying a wand of flame (9) (heavily wounded, 56% to hit)
You throw a throwing net.
The throwing net closely misses Natasha.
The endoplasm freezes you.
You are frozen.
Throw: throwing net
Press: ? - help, Q - select action, (/) - cycle Shift-Dir - straight line, f/p - Natasha
Aim: Natasha, carrying a wand of flame (9) (heavily wounded, 56% to hit)
You throw a throwing net.
The throwing net closely misses Natasha.
Natasha stares at you and mumbles some strange words.
The magic dart hits you.
* * * LOW HITPOINT WARNING * * *
The endoplasm hits you.
* * * LOW HITPOINT WARNING * * *
You closely miss Natasha.
Natasha is heavily wounded.
Natasha barely misses you. The endoplasm barely misses you.
It was a potion of haste.
You feel yourself speed up. Natasha misses you. The endoplasm freezes you.
You are frozen.
You die...

........#
##.####.......#
.###.##.# #.#
#####.#### #(##.#
#.# #...... ##†##.#
#+# #..#### #..##.#
#... #..####
#.###.# ##....
#[....# #.##.##..#
##..... #.#.#.#
#........####......
##.....#
####........'.@J...
........
#.#...####.h....
###...#) #.##.##
##(.... ##.##.
#.#### ##.... ####.
#... #.


You could see Natasha and an endoplasm.

Vanquished Creatures
  Natasha (D:2)
  An adder (D:2)
  A gnoll (D:1)
  4 bats
  A giant cockroach (D:1)
  A goblin (D:1)
  3 hobgoblins
  2 kobolds
  2 ball pythons (D:1)
  2 frilled lizards
  5 rats (D:1)
23 creatures vanquished.

Notes
Turn   | Place    | Note
-------+----------+-------------------------------------------
     0 | D:1      | olmar the Kobold Brigand began the quest for the Orb.
     0 | D:1      | Reached XP level 1. HP: 12/12 MP: 1/1
   183 | D:1      | Found a faded altar of an unknown god.
   189 | D:1      | Reached skill level 6 in Stealth
   189 | D:1      | Reached XP level 2. HP: 17/17 MP: 2/2
   283 | D:1      | Found Dumoumn's Jewellery Shop.
   403 | D:1      | Reached XP level 3. HP: 21/21 MP: 3/3
   942 | D:2      | Noticed Natasha
   946 | D:2      | Killed Natasha
   947 | D:2      | Reached skill level 7 in Stealth
   947 | D:2      | Reached XP level 4. HP: 27/27 MP: 4/4
  1030 | D:2      | Noticed Natasha
  1041 | D:2      | Frozen to death by an endoplasm

Illustrated notes

Levels and vault maps discovered:
D:1:      shiori_shiawase, layout_loops_ring, serial_shops, shop,
          hellmonk_ecumenical_altar_zigzags
D:2:      layout_loops_corners, minmay_cut_off, uniq_natasha

Skill      XL: |  1  2  3 |
---------------+----------+-----
Stealth        | 6 7 |  7.2
Short Blades   | 3 |  3.1
Fighting       | |  2.4
Throwing       | |  2.3
Dodging        | |  1.2

Action                     |  1- 3 |  4- 6 || total
---------------------------+-------+-------++-------
  Melee: Dagger            |    27 |    10 ||    37
         Punch             |     1 |       ||     1
  Throw: Throwing net      |       |     2 ||     2
         Dart              |       |     1 ||     1
    Use: Potion            |       |     1 ||     1
   Stab: Sleeping          |    14 |     1 ||    15
 Armour: Robe              |     3 |       ||     3
  Dodge: Dodged            |     5 |     9 ||    14
